 Dungeon Crawl Stone Soup version 0.31.0-11-ge490571c62 (webtiles) character file.

Game seed: 11006647386199311348

417 PaiMei the Grave Robber (level 6, -11/44 (46) HPs)
             Began as a Demonspawn Necromancer on Jan 30, 2024.
             Mangled by a wight
             ... wielding a +3 halberd of freezing
              (14 damage)
             ... on level 4 of the Dungeon.
             The game lasted 00:06:24 (4605 turns).

PaiMei the Grave Robber (Demonspawn Necromancer)    Turns: 4605, Time: 00:06:25

HP:   -11/44 (46)   AC:  7    Str:  8    XL:     6   Next: 61%
MP:   11/11         EV: 13    Int: 18    God:
Gold: 169           SH:  0    Dex: 13    Spells: 4/12 levels left

rFire   . . .        c - +0 hand axe
rCold   . . .        (no shield)
rNeg    . . .        a - +0 robe
rPois   .            (no helmet)
rElec   .            (no cloak)
rCorr   .            (no gloves)
SInv    .            x - +2 pair of boots
Will    .....        (no amulet)
Stlth   ++           (no ring)
HPRegen 0.27/turn    (no ring)
MPRegen 0.12/turn

%: no passive effects
@: lightly drained
A: slimy green scales 1, demonic guardian 2
a: no special abilities


You were on level 4 of the Dungeon.
You visited 1 branch of the dungeon, and saw 4 of its levels.

You collected 169 gold pieces.

Inventory:

Hand Weapons
 c - a +0 hand axe (weapon)
Missiles
 h - 2 javelins
 o - 6 curare-tipped darts
Armour
 a - a +0 robe (worn)
 x - a +2 pair of boots (worn)
Jewellery
 g - a ring of wizardry
 i - a ring of protection from cold
 v - an amulet of faith
Scrolls
 f - 9 scrolls of identify {unknown}
 m - a scroll of butterflies {unknown}
 n - a scroll of amnesia {unknown}
 p - 2 scrolls of enchant weapon {unknown}
 q - a scroll of silence {unknown}
 s - a scroll of vulnerability {unknown}
 t - a scroll of fog {unknown}
 u - a scroll of immolation {unknown}
 y - 5 scrolls of teleportation {unknown}
 z - a scroll of noise {unknown}
 C - a scroll of fear {unknown}
 D - a scroll of poison {unknown}
Potions
 b - a potion of magic
 d - 3 potions of curing {unknown}
 e - 3 potions of might {unknown}
 j - a potion of berserk rage {unknown}
 k - 3 potions of degeneration {unknown}
 l - 2 potions of enlightenment {unknown}
 r - a potion of attraction {unknown}
 w - a potion of heal wounds {unknown}
 A - a potion of invisibility {unknown}
 B - a potion of mutation {unknown}


   Skills:
 + Level 2.9 Fighting
 + Level 3.5 Dodging
 - Level 2.1 Stealth
 + Level 3.6 Spellcasting
 + Level 5.8 Necromancy


You had 4 spell levels left.
You knew the following spells:

 Your Spells              Type           Power      Damage    Failure   Level
a - Necrotise             Necr           96%        1d8       1%          1
b - Vampiric Draining     Necr           24%        2d7       4%          3
c - Animate Dead          Necr           24%        N/A       14%         4

Your spell library contained the following spells:

 Spells                   Type           Power      Damage    Failure   Level
 Sublimation of Blood     Necr           24%        N/A       1%          2
 Magic Dart               Conj           12%        1d3       16%         1
 Summon Small Mammal      Summ           12%        N/A       16%         1
 Blink                    Tloc           6%         N/A       24%         2
 Call Imp                 Summ           6%         N/A       24%         2
 Call Canine Familiar     Summ           3%         N/A       43%         3
 Petrify                  Alch/Erth      3%         N/A       83%         4
 Summon Blazeheart Golem  Fire/Summ      3%         N/A       83%         4
 Curse of Agony           Necr           24%        N/A       36%         5
 Irradiate                Conj/Alch      1%         3d12      99%         5


Dungeon Overview and Level Annotations

Branches:
Dungeon (4/15)
 Temple: D:4-7

Altars:
Makhleb


Innate Abilities, Weirdness & Mutations

You are partially covered in slimy green scales. (AC +2)
A demonic guardian rushes to your aid.


Message History

The wight attacks as it pursues you! The wight closely misses you.
The wight attacks as it pursues you!
The wight hits you with a +0 great sword.
A demonic guardian appears!
You feel drained. The wight attacks as it pursues you!
The wight barely misses you.
The wight zaps a wand.
You resist with some effort.
Your orange demon stings the wight from afar!
Your orange demon stings the wight but does no damage.
Your orange demon stings the wight from afar.
The wight hits you from afar with a +3 halberd of freezing!
The wight freezes you.
Your orange demon stings the wight from afar.
Your orange demon stings the wight!
The wight is destroyed!
Your life force feels restored.
Your orange demon stings the wight from afar!
Your orange demon barely misses the wight.
Something hits your orange demon!
The wight zaps a wand.
You resist with some effort. The wight attacks as it pursues you!
The wight misses you. The wight attacks as it pursues you!
The wight hits you from afar with a +3 halberd of freezing.
The wight freezes you. The wight attacks as it pursues you!
The wight barely misses you. The wight attacks as it pursues you!
The wight barely misses you. The wight attacks as it pursues you!
The wight hits you from afar with a +3 halberd of freezing!
You feel drained. The wight freezes you.
* * * LOW HITPOINT WARNING * * *
The wight attacks as it pursues you! The wight barely misses you.
The wight attacks as it pursues you!
The wight hits you from afar with a +3 halberd of freezing!
* * * LOW HITPOINT WARNING * * *
A demonic guardian appears!
The wight freezes you.
* * * LOW HITPOINT WARNING * * *
Your orange demon stings the wight but does no damage.
Your orange demon hits the wight.
The wight attacks as it pursues you!
The wight hits you from afar with a +3 halberd of freezing!
You die...

...........................#
...........................##
............................#
............................#
.z..........................##
.............................##
...........................#..#
...<.......................#..##
................@.z........##..##
..................4.......###...#
...................[......# #....
.....................z...####....
.......................4.# #.....
.........................###.....
...>........................z.#..
.................................
.......................#####.....


You could see 2 wights and 2 friendly orange demons.

Vanquished Creatures
  An ogre (D:4)
  A howler monkey (D:4)
  Terence (D:3)
  An iguana (D:4)
  An orc wizard (D:4)
  3 adders
  12 dart slugs
  2 ribbon worms (D:3)
  14 orcs
  5 ball pythons
  3 endoplasms
  2 giant cockroaches
  4 hobgoblins
  5 jackals
  A quokka (D:1)
  5 bats
  2 frilled lizards
  9 goblins
  4 kobolds
  9 rats
85 creatures vanquished.

Vanquished Creatures (collateral kills)
  A wight (D:4)
  A ribbon worm (D:2)
  3 dart slugs
  An orc (D:3)
  A ball python (D:4)
  An endoplasm (D:1)
  A quokka (D:4)
  A kobold (D:1)
10 creatures vanquished.

Grand Total: 95 creatures vanquished

Notes
Turn   | Place    | Note
-------+----------+-------------------------------------------
     0 | D:1      | PaiMei the Demonspawn Necromancer began the quest for the
                  | Orb.
     0 | D:1      | Reached XP level 1. HP: 13/13 MP: 3/3
   293 | D:1      | Gained mutation: A weak demonic guardian rushes to your
                  | aid. [demonic ancestry]
   293 | D:1      | Reached XP level 2. HP: 19/19 MP: 1/5
  1159 | D:2      | Reached XP level 3. HP: 25/25 MP: 4/6
  1163 | D:2      | Learned a level 3 spell: Vampiric Draining
  1639 | D:2      | Reached skill level 1 in Fighting
  1661 | D:2      | Found a burning altar of Makhleb.
  1953 | D:2      | Found a faded altar of an unknown god.
  2143 | D:2      | Reached XP level 4. HP: 32/32 MP: 1/7
  2285 | D:3      | Noticed Terence
  2291 | D:3      | Killed Terence
  2292 | D:3      | Reached skill level 5 in Necromancy
  3326 | D:4      | Learned a level 4 spell: Animate Dead
  3398 | D:4      | Gained mutation: You are partially covered in slimy green
                  | scales. (AC +2) [demonic ancestry]
  3398 | D:4      | Reached XP level 5. HP: 24/36 MP: 6/9
  3474 | D:4      | Noticed an ogre
  3689 | D:4      | Killed an ogre
  3822 | D:4      | Gained mutation: A demonic guardian rushes to your aid.
                  | [demonic ancestry]
  3822 | D:4      | Reached XP level 6. HP: 46/46 MP: 4/10
  4602 | D:4      | HP: 2/44 [wight/+3 halberd of freezing (2)]
  4605 | D:4      | Mangled by a wight

Illustrated notes

Levels and vault maps discovered:
D:1:      enne_arrival_octagon_isle, layout_basic
D:2:      layout_loops_ring, basic_altar,
          dreamdust_ecumenical_altar_hidden_monk_grotto
D:3:      layout_loops_ring, solitary_fountain, kennysheep_generic_room_6,
          uniq_terence
D:4:      kennysheep_slugbush, layout_layer_cave

Skill      XL: |  1  2  3  4  5 |
---------------+----------------+-----
Stealth        | 2 |  2.1
Dodging        | 2 3 |  3.5
Fighting       | 1 2 |  2.9
Necromancy     | 5 |  5.8
Spellcasting   | 3 |  3.6

Action                     |  1- 3 |  4- 6 || total
---------------------------+-------+-------++-------
  Melee: Unarmed           |    30 |       ||    30
         Hand axe          |    23 |    19 ||    42
   Cast: Necrotise         |    71 |   116 ||   187
 Armour: Robe              |    35 |    50 ||    85
  Dodge: Dodged            |    51 |    40 ||    91
